 Dungeon Crawl Stone Soup version 0.19.1-1-g22dce08 (webtiles) character file.

128 Pytinka the Firebug (level 4, -1/18 HPs)
             Began as a Felid Fire Elementalist on Dec 30, 2016.
             Slain by Pytinka's ghost (14 damage)
             ... on level 4 of the Dungeon.
             The game lasted 00:15:55 (3889 turns).

Pytinka the Firebug (Felid Fire Elementalist)       Turns: 3889, Time: 00:15:56

Health: -1/18      AC:  1    Str:  4    XL:     4   Next: 86%
Magic:  0/10       EV: 19    Int: 17    God:
Gold:   199        SH:  0    Dex: 17    Spells: 3 memorised, 0 levels left
                                        Lives:  0   Deaths: 1

rFire  . . .     SeeInvis +     (weapon unavailable)
rCold  . . .     Gourm    .     (armour unavailable)
rNeg   + . .     Faith    .     (shield unavailable)
rPois  .         Spirit   .     (helmet unavailable)
rElec  .         Reflect  .     (cloak unavailable)
rCorr  .         Harm     .     (gloves unavailable)
MR     .....                    (boots unavailable)
Stlth  +++.......               (no amulet)
                                m - ring of positive energy
                                i - ring of see invisible

@: quick
A: no armour, no weapons or thrown items, stealth, claws 1, fangs 3, see
invisible, carnivore 3, speed 1, shaggy fur 1, slow metabolism 1, sharp paws
a: no special abilities


You were on level 4 of the Dungeon.
You were not hungry.

You visited 1 branch of the dungeon, and saw 5 of its levels.

You collected 199 gold pieces.

Inventory:

Jewellery
 i - a ring of see invisible (left paw)
 m - a ring of positive energy (right paw)
Scrolls
 c - a scroll of teleportation
 e - a scroll of magic mapping
 n - a scroll of recharging
 o - 2 scrolls of remove curse
Potions
 h - 4 potions of curing
Books
 a - a book of Flames

   Spells                             Type                      Level
   a - Flame Tongue                   Conjuration/Fire             1
   b - Throw Flame                    Conjuration/Fire             2
   c - Conjure Flame                  Conjuration/Fire             3
   d - Inner Flame                    Hexes/Fire                   3
   e - Sticky Flame                   Conjuration/Fire             4
   f - Fireball                       Conjuration/Fire             5
Comestibles
 b - 2 meat rations
 k - a beef jerky


   Skills:
 + Level 3.4 Dodging
 + Level 3.6 Stealth
 + Level 3.4 Spellcasting
 + Level 2.4 Conjurations
 + Level 4.1 Fire Magic


You couldn't memorise any spells.
You knew the following spells:

 Your Spells              Type           Power        Failure   Level  Hunger
a - Flame Tongue          Conj/Fire      ##...        4%          1    None
b - Conjure Flame         Conj/Fire      ##......     14%         3    ###....
c - Fireball              Conj/Fire      ##........   95%         5    ######.


Dungeon Overview and Level Annotations

Branches:
Dungeon (5/15)
 Temple: D:4-7

Altars:
Gozag
Makhleb
Trog
Uskayaw

Annotations:
D:4 Pytinka's ghost, amateur FeFi


Innate Abilities, Weirdness & Mutations

You cannot wear armour.
You are incapable of wielding weapons or throwing items.
Your paws allow you to move quietly. (Stealth)
You have sharp claws.
You have razor-sharp teeth.
You have supernaturally acute eyesight. (SInv)
You are carnivorous and can eat meat at any time.
You cover ground quickly.
You are covered in fur. (AC +1)
You have a slow metabolism.
Your sharp claws are effective at attacking unaware monsters.


Message History

Aiming: Flame Tongue
Press: ? - help, Shift-Dir - straight line, f/p - Pytinka's ghost
Aim: Pytinka's ghost (moderately damaged)
The flame tongue misses Pytinka's ghost.
Pytinka's ghost hits you.
Unknown command.
Casting: Flame Tongue
Confirm with . or Enter, or press ? or * to list all spells.
Aiming: Flame Tongue
Press: ? - help, Shift-Dir - straight line, f/p - Pytinka's ghost
Aim: Pytinka's ghost (moderately damaged)
The flame tongue hits Pytinka's ghost.
Pytinka's ghost resists.
Pytinka's ghost is moderately damaged.
Pytinka's ghost hits you but does no damage.
Unknown command.
You closely miss Pytinka's ghost.
Pytinka's ghost is moderately damaged.
Pytinka's ghost hits you!
Ouch! That really hurt!
You die...

#........†.# #......)
#.########W# #.###### #.# #.# #.#
#.########.###.# #....#.........#
####.#.###....## #########.#.#
####.#
######......##.#.######)######
###>.....[.....W@..............##
#....###.#.##.##.......##.#......
#.....##.#....##.#.....##'#.##..#
#.....##.#.#######..........###.#
#.....##..........#'###.....# #..
#.....####.....####_# #.....# ##.
#.....####.....'.'#####.....# #.
#.#.#.#...#....###...##..<..# ##
#.._.W#...#....###...##.....#####


You could see Pytinka's ghost.

Vanquished Creatures
  An orc priest (D:4)
  An iguana (D:4)
  An orc wizard (D:4)
  4 gnolls
  2 adders
  5 worms
  2 dart slugs
  3 leopard geckos
  13 orcs
  4 giant cockroaches
  8 goblins
  5 hobgoblins
  5 jackals (D:2)
  6 kobolds (D:1)
  2 quokkas (D:2)
  8 bats
  4 frilled lizards
  5 rats
79 creatures vanquished.

Notes
Turn   | Place    | Note
-------+----------+-------------------------------------------
     0 | D:1      | Pytinka the Felid Fire Elementalist began the quest for the Orb.
     0 | D:1      | Reached XP level 1. HP: 7/7 MP: 4/4
   105 | D:1      | Reached skill level 3 in Fire Magic
   173 | D:1      | Reached XP level 2. HP: 11/11 MP: 0/6
   536 | D:1      | Reached XP level 3. HP: 10/14 MP: 1/7
   844 | D:1      | Reached skill level 1 in Conjurations
  1317 | D:2      | You fall through a shaft for 2 floors!
  1341 | D:4      | Found a hide-covered altar of Uskayaw.
  1650 | D:2      | Reached XP level 4. HP: 18/18 MP: 6/8
  2670 | D:4      | Found a bloodstained altar of Trog.
  2675 | D:4      | Learned a level 3 spell: Conjure Flame
  2801 | D:5      | Entered Level 5 of the Dungeon
  2801 | D:5      | Found a burning altar of Makhleb.
  2942 | D:4      | Reached XP level 5. HP: 15/21 MP: 5/10
  3156 | D:4      | Found an opulent altar of Gozag.
  3372 | D:4      | Reached skill level 4 in Fire Magic
  3733 | D:4      | Learned a level 5 spell: Fireball
  3785 | D:4      | Noticed Pytinka's ghost (amateur FeFi)
  3820 | D:4      | Slain by Pytinka's ghost
  3821 | D:4      | Reached XP level 4. HP: -5/18 MP: 3/10
  3889 | D:4      | Slain by Pytinka's ghost

Skill      XL: |  1  2  3  4  5 |
---------------+----------------+-----
Fire Magic     | 3 4 |  4.1
Dodging        | 3 |  3.4
Stealth        | 3 |  3.6
Conjurations   | 1 2 |  2.4
Spellcasting   | 3 |  3.4

Action                   |  1- 3 |  4- 6 || total
-------------------------+-------+-------++-------
Melee: Unarmed           |    24 |    20 ||    44
       Bite              |     1 |     1 ||     2
 Cast: Flame Tongue      |    61 |   110 ||   171
       Conjure Flame     |       |     5 ||     5
  Use: Scroll            |       |     8 ||     8
       Potion            |       |     2 ||     2
 Stab: Distracted        |     1 |       ||     1
       Sleeping          |       |     1 ||     1
  Eat: Chunk             |     9 |     5 ||    14
Armor: Skin              |     5 |     5 ||    10
Dodge: Dodged            |    33 |    51 ||    84
